 Dungeon Crawl Stone Soup version 0.27-a0-898-g810843a28d (webtiles) character file.

Game seed: 7003039207508676734

9733 polve the Severer (level 11, -7/102 HPs)
             Began as a Hill Orc Berserker on Apr 5, 2021.
             Was a High Priest of Trog.
             Killed from afar by Sonja (18 damage)
             ... with a bolt of acid
             ... on level 10 of the Dungeon.
             The game lasted 00:12:09 (11454 turns).

polve the Severer (Hill Orc Berserker)             Turns: 11454, Time: 00:12:09

Health: -7/102     AC: 13    Str: 21    XL:     11   Next: 51%
Magic:  11/11      EV:  7    Int:  7    God:    Trog [*****.]
Gold:   585        SH:  0    Dex: 13    Spells: 10/10 levels left

rFire    + . .     SeeInvis .   q - +1 hand axe (vamp)
rCold    + . .     Faith    .   (no shield)
rNeg     . . .     Spirit   .   D - +0 plate armour
rPois    .         Reflect  .   (no helmet)
rElec    .         Harm     .   e - scarf {rC+ rF+}
rCorr    .         Rampage  .   v - +2 pair of gloves
Will     .....                  (no boots)
Stlth    ..........             H - amulet of the acrobat
HPRegen  0.27/turn              (no ring)
MPRegen  0.12/turn              (no ring)

@: corroded, slowed, very slow
A: no striking features
a: Renounce Religion, Convert to Beogh, Berserk, Trog's Hand, Brothers in Arms


You were on level 10 of the Dungeon.
You worshipped Trog.
Trog was extremely pleased with you.
You visited 2 branches of the dungeon, and saw 11 of its levels.

You collected 585 gold pieces.

Inventory:

Hand Weapons
 q - a +1 vampiric hand axe (weapon)
Missiles
 p - 9 curare-tipped darts
 s - 6 atropa-tipped darts
Armour
 e - a scarf of resistance (worn)
 v - a +2 pair of gloves (worn)
 y - a +1 cloak of preservation
 D - a +0 plate armour (worn)
Jewellery
 E - an amulet of reflection
 H - an amulet of the acrobat (around neck)
Wands
 a - a wand of flame (32)
 b - a wand of polymorph (29)
 k - a wand of mindburst (25)
 t - a wand of random effects (9)
 w - a wand of digging (3)
Scrolls
 c - 6 scrolls of identify
 g - 2 scrolls of enchant armour
 h - 2 scrolls of blinking
 j - 4 scrolls of magic mapping
 l - 4 scrolls of brand weapon {unknown}
 n - 5 scrolls of teleportation {unknown}
 r - 2 scrolls of fear {unknown}
 u - a scroll of summoning {unknown}
 B - 2 scrolls of amnesia {unknown}
 C - a scroll of fog {unknown}
 I - a scroll of vulnerability {unknown}
 J - a scroll of enchant weapon {unknown}
Potions
 i - 3 potions of flight
 m - a potion of invisibility
 x - a potion of degeneration {unknown}
 z - a potion of attraction {unknown}
 A - 3 potions of curing
 F - 3 potions of brilliance {unknown}
 G - a potion of lignification


   Skills:
 + Level 11.4 Fighting
 * Level 16.3 Axes
 + Level 8.7 Armour
 - Level 1.5 Dodging


You had 10 spell levels left.
You didn't know any spells.
Your spell library was empty.

Dungeon Overview and Level Annotations

Branches:
Dungeon (10/15)            Temple (0/1) D:4            Lair (1/6) D:9
    Orc: D:9-12

Altars:
Cheibriados
Elyvilon
Makhleb
Ru
Trog
Wu Jian
Zin

Shops:
D:3 [   D:9 *

Annotations:
D:4 1 runed translucent door, diceflayer's ghost, amateur FoFi
D:10 Grum; Sonja


Message History

Found 17 gold pieces, a ring mail and a wand of flame (13).
It was a potion of ambrosia.
You are more confused.
You feel invigorated.
The orc wizard gestures at itself while chanting.
The orc wizard flickers and vanishes!
Deactivating autopickup; reactivate with Ctrl-A.
The two-headed ogre hits you with a +0 giant spiked club! x2
It was a potion of curing.
You feel better.
You feel less invigorated.
The two-headed ogre hits you with a +0 giant spiked club! x2
* * * LOW HITPOINT WARNING * * *
The orc priest shouts, "Beogh is our master!
Accept the truth or die!"
Sonja says, "I'm academy-trained, you know."
The orc wizard casts a spell at itself.
The orc wizard flickers and vanishes!
The wolf completely misses you.
Found a flail.
The wolf completely misses you. Sonja completely misses you. Sonja misses you.
Sonja closely misses you.
The orc priest calls down the wrath of Beogh upon you.
Beogh smites you!
* * * LOW HITPOINT WARNING * * *
Sonja barely misses you. Sonja misses you. Sonja hits you but does no damage.
Grum closely misses you. The wolf misses you.
Sonja throws a curare-tipped dart.
The curare-tipped dart closely misses you.
Grum misses you. Something closely misses you.
You see here 22 stones.
Sonja says, "I'm academy-trained, you know."
The wolf misses you. The wolf completely misses you.
Sonja throws a curare-tipped dart.
The curare-tipped dart hits you.
You are poisoned.
You have difficulty breathing.
* * * LOW HITPOINT WARNING * * *
You feel yourself slow down. The wolf completely misses you.
You feel better. The wolf bites you.
* * * LOW HITPOINT WARNING * * *
The wolf bites you.
* * * LOW HITPOINT WARNING * * *
Sonja zaps a wand.
The bolt of acid hits you!!
You die...

)..........(.........
.....................
.......$.......<.....
##..................
#......o.g........<
#.......O...........
#.....o{{o..........
#......Khh..........
#........@....(.....
#.................?.
#...................
#...?...............
............<.......
####################


You could see a two-headed ogre, Grum, Sonja, an orc warrior, 2 wolves, an orc
priest and an orc.

Vanquished Creatures
  A centaur warrior (D:8)
  A cane toad (Lair:1)
  A torpor snail (Lair:1)
  3 komodo dragons (Lair:1)
  A troll (D:9)
  Grinder (D:6)
  14 yaks
  A wraith (D:9)
  2 wyverns (D:8)
  A basilisk (D:8)
  2 steam dragons
  An acid dragon (D:5)
  2 water moccasins
  An orc warrior (D:8)
  A sky beast (D:7)
  2 ice beasts
  A necrophage (D:4)
  4 ogres
  A black bear (D:4)
  5 centaurs
  A phantom (D:6)
  3 kobold brigands (D:6)
  5 bullfrogs
  A gnoll sergeant (D:9)
  2 scorpions
  9 wights (D:7)
  5 howler monkeys
  A bullfrog zombie (D:5)
  2 centaur zombies
  A bullfrog skeleton (D:5)
  2 jellies (D:8)
  A gnoll shaman (D:6)
  9 hounds
  8 orc priests
  Crazy Yiuf (D:7)
  Jessica (D:3)
  7 iguanas
  12 orc wizards
  5 adders
  15 gnolls
  2 worms
  4 dart slugs
  23 orcs
  3 endoplasms
  2 giant cockroaches (D:1)
  9 goblins
  8 hobgoblins
  13 kobolds
  6 quokkas
  10 ball pythons
  3 bats
  2 frilled lizards
  5 rats
227 creatures vanquished.

Vanquished Creatures (others)
  A demonic plant (D:1)
  3 fungi (D:1)
  5 plants
  A withered plant (D:1)
10 creatures vanquished.

Grand Total: 237 creatures vanquished

Notes
Turn   | Place    | Note
-------+----------+-------------------------------------------
     0 | D:1      | polve the Hill Orc Berserker began the quest for the Orb.
     0 | D:1      | Reached XP level 1. HP: 19/19 MP: 1/1
   191 | D:1      | Reached XP level 2. HP: 24/27 MP: 2/2
   637 | D:1      | Found a faded altar of an unknown god.
   943 | D:2      | Reached XP level 3. HP: 32/33 MP: 3/3
  1257 | D:2      | Reached skill level 5 in Axes
  1302 | D:2      | Reached ** piety under Trog
  1467 | D:2      | Reached XP level 4. HP: 40/40 MP: 4/4
  2245 | D:3      | Reached XP level 5. HP: 18/47 MP: 5/5
  2250 | D:3      | Reached skill level 6 in Axes
  2578 | D:3      | Noticed Jessica
  2586 | D:3      | Killed Jessica
  2666 | D:3      | Found Haty's Antique Armour Shoppe.
  3262 | D:4      | Noticed a necrophage
  3273 | D:4      | Killed a necrophage
  3274 | D:4      | Reached skill level 5 in Fighting
  3274 | D:4      | Reached skill level 7 in Axes
  3274 | D:4      | Reached XP level 6. HP: 56/56 MP: 6/6
  3328 | D:4      | Found a runed translucent door.
  3330 | D:4      | Noticed a cyclops
  3331 | D:4      | Noticed diceflayer's ghost (amateur FoFi)
  3476 | D:4      | Noticed a black bear
  3482 | D:4      | Killed a black bear
  3644 | D:4      | Reached XP level 7. HP: 56/60 MP: 7/7
  3808 | D:4      | Reached skill level 8 in Axes
  4033 | D:4      | Found a white marble altar of Elyvilon.
  4153 | D:4      | You fall into a shaft and drop 1 floor!
  4153 | D:5      | Entered Level 5 of the Dungeon
  4162 | D:5      | Reached *** piety under Trog
  4448 | D:4      | Found a staircase to the Ecumenical Temple.
  4529 | D:5      | Reached skill level 5 in Armour
  4678 | D:5      | Reached skill level 9 in Axes
  4678 | D:5      | Reached XP level 8. HP: 71/71 MP: 8/8
  5929 | D:5      | Reached skill level 10 in Axes
  6142 | D:6      | Noticed Grinder
  6150 | D:6      | Paralysed by Grinder for 7 turns
  6165 | D:6      | Killed Grinder
  6166 | D:6      | Reached skill level 11 in Axes
  6166 | D:6      | Reached XP level 9. HP: 30/79 MP: 9/9
  6787 | D:6      | You fall into a shaft and drop 3 floors!
  6787 | D:9      | Noticed a troll
  6810 | D:9      | Killed a troll
  6918 | D:8      | Reached skill level 12 in Axes
  6952 | D:8      | Reached **** piety under Trog
  7005 | D:7      | Found a sacrificial altar of Ru.
  7005 | D:7      | Found a bloodstained altar of Trog.
  7006 | D:7      | Found a burning altar of Makhleb.
  7080 | D:7      | Reached skill level 13 in Axes
  7202 | D:7      | Reached XP level 10. HP: 69/87 MP: 10/10
  7494 | D:7      | Found a glowing silver altar of Zin.
  7965 | D:6      | Identified the +3 short sword of the Sun {pain, Stlth+}
  8413 | D:7      | Reached skill level 14 in Axes
  8461 | D:7      | Found a runed translucent door.
  8462 | D:7      | Noticed Crazy Yiuf
  8900 | D:7      | Found a snail-covered altar of Cheibriados.
  8921 | D:7      | Reached skill level 10 in Fighting
  9250 | D:7      | Killed Crazy Yiuf
  9696 | D:8      | Noticed a centaur warrior
  9719 | D:8      | Killed a centaur warrior
  9887 | D:8      | Reached skill level 15 in Axes
 10000 | D:9      | Reached XP level 11. HP: 101/101 MP: 11/11
 10052 | D:9      | Found an ornate altar of the Wu Jian Council.
 10125 | D:9      | Reached ***** piety under Trog
 10172 | D:9      | Found Irone's General Store.
 10184 | D:9      | Found a burning altar of Makhleb.
 10627 | D:9      | Found a staircase to the Lair.
 10975 | Lair:1   | Entered Level 1 of the Lair of Beasts
 11005 | Lair:1   | Reached skill level 16 in Axes
 11036 | Lair:1   | Received a gift from Trog
 11421 | D:10     | Entered Level 10 of the Dungeon
 11440 | D:10     | Noticed Grum
 11441 | D:10     | Noticed Sonja
 11441 | D:10     | Noticed a two-headed ogre
 11454 | D:10     | Killed from afar by Sonja

Illustrated notes

Levels and vault maps discovered:
D:1:      matt_arrival_diagonals, layout_rooms, shapermc_ecumenical_altar_gd
D:2:      layout_basic
D:3:      layout_basic, serial_shops, shop, uniq_jessica
D:4:      layout_cave_pools, kennysheep_mini, lemuel_temple_firewalk_b,
          ebering_ghost_inner_flame
D:5:      layout_cave_pods
D:6:      kennysheep_housing_project, layout_rooms, st_stairs_8, uniq_grinder
D:7:      layout_rooms, lemuel_crystal_altar, old_standard_altar,
          chequers_temple_overflow_statue_of_worship, serial_co_window_serial,
          co_window_corner_a, co_window_corner_a, co_window_of_opportunity_a,
          co_window_paths_b, co_window_corner_a, co_window_paths_b,
          co_window_corner_a, co_window_2corner, co_window_2corner,
          co_window_corner_b, co_window_4corner_b, glass_columns_b, minivault_1,
          uniq_crazy_yiuf_cottage
D:8:      layout_rooms, minmay_small_thing
D:9:      layout_long_grid, overflow_temple_1_default, lair_entry_dummy,
          serial_shops, kennysheep_mini_moat, david_defended_altar_orc
D:10:     layout_long_grid, uniq_sonja, uniq_grum
Lair:1:   layout_gridlike, lightli_volcano_entry_magma_tube,
          beast_lair_carwin_6, infiniplex_staircase_pool_2

Skill      XL: |  1  2  3  4  5  6  7  8  9 10 11 |
---------------+----------------------------------+-----
Fighting       | 4 5 6 7 9 10 11 | 11.4
Axes           | 5 7 9 11 13 15 16 | 16.3
Armour         | 3 4 5 6 7 8 |  8.7
Dodging        | |  1.5

Action                   |  1- 3 |  4- 6 |  7- 9 | 10-12 || total
-------------------------+-------+-------+-------+-------++-------
Melee: Hand axe          |    84 |   100 |   298 |   386 ||   868
       Unarmed           |       |       |     1 |       ||     1
Invok: Berserk           |     3 |     5 |    12 |    12 ||    32
       Trog's Hand       |       |       |     1 |       ||     1
  Use: Potion            |       |     1 |     2 |     5 ||     8
       Scroll            |       |     4 |       |       ||     4
Armor: Animal skin       |    14 |     8 |       |       ||    22
       Skin              |       |     8 |       |       ||     8
       Scale mail        |       |    12 |    72 |       ||    84
       Chain mail        |       |       |     7 |    85 ||    92
       Troll leather arm |       |       |     5 |       ||     5
       Plate armour      |       |       |       |   106 ||   106
Dodge: Dodged            |    49 |    46 |   128 |   130 ||   353

Table legend: (Time is in decaauts)
 A = Elapsed time spent in this place.
 B = Non-inter-level travel time spent in this place.
 C = Inter-level travel time spent in this place.
 D = Time resting spent in this place.
 E = Time spent auto-exploring this place.
 F = Levels seen in this place.
 G = Mean time per level.
                   A        B        C        D        E       F      G
               +--------+--------+--------+--------+--------+-----+--------+
         Total |  11518 |  10989 |    529 |    391 |   9145 |  11 | 1047.1 |
       Dungeon |  11234 |  10730 |    504 |    391 |   8941 |  10 | 1123.4 |
          Lair |    284 |    260 |     24 |      0 |    204 |   1 |  284.0 |
               +--------+--------+--------+--------+--------+-----+--------+

Top non-repeatable levels by time:
     D:6: 1618 daAuts
     D:5: 1598 daAuts
     D:7: 1510 daAuts
     D:2: 1321 daAuts
     D:3: 1191 daAuts
     D:4: 1181 daAuts
     D:9: 1117 daAuts
     D:1: 940 daAuts
     D:8: 728 daAuts
  Lair:1: 284 daAuts
    D:10: 27 daAuts
